 Dungeon Crawl Stone Soup version 0.27.1-2-g3b301248ec (webtiles) character file.

Game seed: 3182935200134083271

46308 Dexcius the Severer (level 14, -12/130 HPs)
             Began as a Minotaur Berserker on Sept 25, 2021.
             Was a High Priest of Trog.
             Killed from afar by a lindwurm (31 damage)
             ... with a blast of flame
             ... on level 4 of the Lair of Beasts.
             The game lasted 00:56:56 (14146 turns).

Dexcius the Severer (Minotaur Berserker)           Turns: 14146, Time: 00:56:56

Health: -12/130    AC:  0    Str: 24    XL:     14   Next: 4%
Magic:  13/13      EV: 16    Int:  4    God:    Trog [*****.]
Gold:   856        SH:  0    Dex: 15    Spells: 13/13 levels left

rFire    . . .     SeeInvis .   (weapon currently unavailable)
rCold    . . .     Faith    .   (shield currently unavailable)
rNeg     . . .     Spirit   .   (armour currently unavailable)
rPois    .         Reflect  .   (helmet currently unavailable)
rElec    .         Harm     .   (cloak currently unavailable)
rCorr    .         Rampage  .   (gloves currently unavailable)
Will     +....     Rnd*Rage +   (boots currently unavailable) Stlth ++........Rnd*Tele +
                                (no amulet)
HPRegen  1.31/turn              (ring currently unavailable)
MPRegen  0.13/turn              (ring currently unavailable)

@: pig-form, on berserk cooldown, slowed
A: fast, no casting, small, (horns 2), (retaliatory headbutt), (talons 1), agile
1, berserk 1, regeneration 1, teleportitis 1
a: Renounce Religion, Berserk, Trog's Hand, Brothers in Arms


You were on level 4 of the Lair of Beasts.
You worshipped Trog.
Trog was extremely pleased with you.
You were a filthy swine.
You visited 2 branches of the dungeon, and saw 14 of its levels.
You also visited: Volcano.

You collected 1086 gold pieces.
You spent 230 gold pieces at shops.

Inventory:

Hand Weapons
 b - the +6 battleaxe "Kosone" (melded) {vorpal, Dex+7}
   (You acquired it on level 4 of the Dungeon)

   It inflicts extra damage upon your enemies.
   Dex:       It affects your dexterity (+7).
 v - a +2 vorpal war axe
 z - the +4 hand crossbow of Jiagioh {penet, rN+ rCorr Int+4 Dex-2}
   (You found it on level 10 of the Dungeon)

   Any ammunition fired by it passes through the targets it hits, potentially
   hitting all targets in its path until it reaches maximum range.
   Int:       It affects your intelligence (+4).
   Dex:       It affects your dexterity (-2).
   rN:        It protects you from negative energy.
   rCorr:     It protects you from acid and corrosion.
 B - the +2 morningstar of Awkwardness {vorpal, rElec rN+ Dex+4}
   (You found it on level 3 of the Lair of Beasts)

   It inflicts extra damage upon your enemies.
   Dex:       It affects your dexterity (+4).
   rElec:     It insulates you from electricity.
   rN:        It protects you from negative energy.
Armour
 f - a +0 hat of intelligence (melded)
 g - a +1 pair of gloves (melded)
 j - a +0 cloak (melded)
 m - a +2 buckler
 p - a +0 plate armour (melded)
 w - a +2 pair of boots of flying (melded)
Jewellery
 h - the ring "Ded Nede" (melded) {rC+ Dex+6 Slay+3}
   (You found it on level 7 of the Dungeon)

   [ring of dexterity]

   Dex:       It affects your dexterity (+6).
   Slay:      It affects your accuracy & damage with ranged weapons and melee
   (+3).
   rC:        It protects you from cold.
 i - the ring "Lurphoups" (melded) {Drain rPois rF+++ Will- Dex+8}
   (You acquired it on level 5 of the Dungeon)

   [ring of poison resistance]

   Dex:       It affects your dexterity (+8).
   rF:        It renders you almost immune to fire.
   rPois:     It protects you from poison.
   Drain:     It drains your maximum health when unequipped.
   Will:      It decreases your willpower.
Wands
 q - a wand of digging (10)
Scrolls
 d - 7 scrolls of identify
 e - a scroll of summoning
 n - 2 scrolls of enchant weapon
 o - 7 scrolls of teleportation
 u - a scroll of fear
 x - a scroll of fog
 A - a scroll of enchant armour
Potions
 a - 3 potions of flight
 c - 2 potions of might
 k - 5 potions of curing
 r - 7 potions of cancellation
 s - 2 potions of heal wounds
 t - a potion of haste


   Skills:
 + Level 13.7 Fighting
 + Level 19.9(20.0) Axes
 + Level 3.4(13.9) Maces & Flails
 + Level 12.9 Armour
 + Level 4.6 Dodging
 + Level 2.7 Stealth


You had 13 spell levels left.
You didn't know any spells.
Your spell library was empty.

Dungeon Overview and Level Annotations

Branches:
Dungeon (10/15)            Temple (0/1) D:7            Lair (4/6) D:9
 Spider (0/4) Lair:2          Orc (0/2) D:9         Volcano (visited)
  Swamp: Lair:2-4    Shoals: Lair:2-4

Altars:
Ashenzari
Elyvilon
Fedhas
Gozag
Okawaru
Qazlal
Trog
Wu Jian
Xom
Beogh

Shops:
D:6 [   D:9 !

Annotations:
Lair:4 Kirke


Innate Abilities, Weirdness & Mutations

You are a filthy swine.
You move quickly.
Your equipment is almost entirely melded.
You are incapable of wielding weapons or throwing items.
You cannot cast spells.
((You have a pair of horns on your head.))
((You reflexively headbutt those who attack you in melee.))
((You have sharp toenails.))
You are agile. (Dex +2)
You tend to lose your temper in combat.
Your natural rate of healing is unusually fast.
You are occasionally teleported next to monsters.


Message History

Your +0 cloak melds into your body.
Your +0 hat of intelligence melds into your body.
Your +1 pair of gloves melds into your body.
Your +2 pair of boots of flying melds into your body.
Your +0 plate armour melds into your body.
The ring "Lurphoups" {Drain rPois rF+++ Will- Dex+8} melds into your body.
The ring "Ded Nede" {rC+ Dex+6 Slay+3} melds into your body.
You feel stupid.
You float gracefully downwards.
You feel clumsy.
You hit Kirke but do no damage.
Kirke is lightly wounded.
The hog bites you. Kirke barely misses you.
Unknown command.
You hit Kirke.
Kirke is lightly wounded.
The hog bites you. The hog bites you! Kirke hits you. The hog bites you!
The hog completely misses you.
Unknown command.
You bite Kirke!
Kirke is moderately wounded.
The hog barely misses you. The hog bites you! Kirke barely misses you.
Unknown command.
You closely miss Kirke.
Kirke is moderately wounded.
The hog completely misses you. The hog bites you. Kirke hits you!
The lindwurm bites you! The lindwurm misses you. The lindwurm claws you.
The hog bites you! x2
Unknown command.
The hog bites you. The lindwurm bites you.
* * * LOW HITPOINT WARNING * * *
The lindwurm claws you.
* * * LOW HITPOINT WARNING * * *
The lindwurm claws you!
* * * LOW HITPOINT WARNING * * *
The hog bites you!
* * * LOW HITPOINT WARNING * * *
The lindwurm breathes flames at you. The blast of flame hits you!!
You die...

# ....... ...##.#.......
##...... ##....#........
#.#..#. ## #...#.#........
...# ..##.##..............
...# ....##.............
...# #...#.............
...# #####..#.##h.........
..†# #).##....##kF........
...# #..#...#..hh@.#......
...####.(#...#...h#..#.....
...†.#(..#..)#..#.....##..#
...#.##....#.##.###P..# ##
##.#..†#.###.##.. ###...
..#.).†.# ..##..# ...#
#..##..### ..#..## #..#
#..##..# ..#.## ...
##.###.# ##.


You could see Kirke, a lindwurm (catching breath), a cane toad and 3 hogs.

Vanquished Creatures
  Gastronok (Lair:3)
  A frost giant (D:10)
  A very ugly thing (D:8)
  A dire elephant (Lair:4)
  Snorg (Lair:3)
  An ice dragon (D:10)
  Fannar (Lair:3)
  2 hydras
  4 two-headed ogres
  7 death yaks
  A fire crab (Volcano)
  The ghost of nemesis the Thaumaturge, a novice DsCj of Vehumet (D:8)
  A lindwurm (Volcano)
  5 oklob plants
  A wolf spider (Lair:2)
  6 ugly things (D:8)
  9 elephants (Lair:4)
  An ice statue (D:10)
  A black mamba (Lair:3)
  2 torpor snails (Lair:3)
  2 molten gargoyles (Volcano)
  Maggie (D:10)
  11 cane toads
  6 komodo dragons
  3 trolls
  A troll (shapeshifter) (D:8)
  A jumping spider (Lair:2)
  4 blink frogs
  A meliai zombie (D:10)
  A spriggan (shapeshifter) (D:8)
  A redback (Lair:2)
  A wraith (D:10)
  4 wyverns
  3 basilisks
  8 yaks
  3 fire bats (Volcano)
  A neqoxec (D:8)
  3 steam dragons
  A golden eye (shapeshifter) (D:8)
  A hell hound (Volcano)
  An acid dragon (D:9)
  Duvessa (D:6)
  16 water moccasins
  10 orc warriors
  A sky beast (D:7)
  A hornet zombie (D:8)
  12 ice beasts
  4 black bears
  4 ogres
  A necrophage (D:8)
  2 centaurs
  A centaur (shapeshifter) (D:8)
  9 wolves
  Blork the orc (D:6)
  3 kobold brigands
  18 bullfrogs
  5 scorpions
  A gnoll sergeant (D:7)
  Dowan (D:6)
  A water moccasin skeleton (D:5)
  3 killer bees (D:7)
  3 howler monkeys
  4 wights (D:8)
  5 electric eels (D:10)
  4 lava snakes (Volcano)
  8 crimson imps (D:8)
  A bullfrog zombie (D:7)
  2 bullfrog skeletons (D:6)
  2 jellies
  3 hounds
  4 orc priests
  Natasha (thrice) (D:3)
  An iguana (D:4)
  4 orc wizards
  A scorpion zombie (D:5)
  5 hell rats (Lair:3)
  3 howler monkey zombies (D:9)
  7 gnolls
  9 adders
  2 shadow imps
  2 white imps
  A worm (D:4)
  2 dart slugs
  59 orcs
  7 ball pythons
  5 endoplasms
  A giant cockroach (D:4)
  7 goblins
  3 hobgoblins
  2 quokkas
  5 bats
  2 frilled lizards
  19 kobolds
  3 rats
  A butterfly (D:5)
  3 plants
394 creatures vanquished.

Vanquished Creatures (others)
  48 fungi
  50 plants
98 creatures vanquished.

Grand Total: 492 creatures vanquished

Notes
Turn   | Place    | Note
-------+----------+-------------------------------------------
     0 | D:1      | Dexcius the Minotaur Berserker began the quest for the Orb.
     0 | D:1      | Reached XP level 1. HP: 19/19 MP: 0/0
   353 | D:1      | Reached XP level 2. HP: 27/27 MP: 1/1
   677 | D:2      | Reached skill level 4 in Axes
   679 | D:2      | Reached XP level 3. HP: 34/34 MP: 2/2
  1506 | D:3      | Reached ** piety under Trog
  1524 | D:3      | Found an iron altar of Okawaru.
  1524 | D:3      | Noticed Natasha
  1535 | D:3      | Killed Natasha
  1536 | D:3      | Reached XP level 4. HP: 28/41 MP: 3/3
  1687 | D:3      | Noticed Natasha
  1693 | D:3      | Killed Natasha
  2037 | D:3      | Noticed Natasha
  2045 | D:3      | Killed Natasha
  2046 | D:3      | Reached skill level 5 in Axes
  2046 | D:3      | Reached XP level 5. HP: 39/47 MP: 4/4
  2149 | D:3      | Found a bloodstained altar of Trog.
  2438 | D:4      | Noticed an ogre
  2442 | D:4      | Noticed an ogre
  2444 | D:4      | Killed an ogre
  2445 | D:4      | Reached skill level 5 in Fighting
  2445 | D:4      | HP: 3/72 [ogre (15)]
  2447 | D:4      | Killed an ogre
  2448 | D:4      | Reached XP level 6. HP: 4/56 MP: 5/5
  2753 | D:4      | Reached skill level 6 in Axes
  2917 | D:4      | Found a shimmering altar of Xom.
  2935 | D:4      | Reached skill level 1 in Stealth
  3269 | D:4      | Identified a scroll of acquirement
  3269 | D:4      | Acquired the +6 battleaxe "Kosone" {vorpal, Dex+7}
  3467 | D:4      | Reached XP level 7. HP: 13/62 MP: 6/6
  4094 | D:5      | Entered Level 5 of the Dungeon
  4160 | D:5      | Reached skill level 7 in Axes
  4367 | D:5      | Acquired the ring "Lurphoups" {Drain rPois rF+++ Will-
                  | Dex+8}
  4424 | D:5      | Reached skill level 5 in Armour
  4592 | D:5      | Reached *** piety under Trog
  4600 | D:5      | Reached skill level 8 in Axes
  5022 | D:6      | Found a broken altar of Ashenzari.
  5153 | D:6      | Noticed a wyvern
  5159 | D:6      | Killed a wyvern
  5160 | D:6      | Reached XP level 8. HP: 71/71 MP: 7/7
  5161 | D:6      | Found a large runed translucent door.
  5161 | D:6      | Found a large runed translucent door.
  5167 | D:6      | Reached skill level 9 in Axes
  5336 | D:6      | Found Icwumiy's Armour Boutique.
  5496 | D:6      | Found an ornate altar of the Wu Jian Council.
  5511 | D:6      | Noticed Blork the orc
  5517 | D:6      | Killed Blork the orc
  5548 | D:6      | Noticed Duvessa
  5548 | D:6      | Noticed Dowan
  5552 | D:6      | Killed Dowan
  5555 | D:6      | Reached skill level 10 in Axes
  5555 | D:6      | Killed Duvessa
  6263 | D:6      | Found a blossoming altar of Fedhas.
  6266 | D:6      | Found a white marble altar of Elyvilon.
  6525 | D:6      | Bought a +0 plate armour for 230 gold pieces
  6684 | D:7      | Reached XP level 9. HP: 75/79 MP: 8/8
  7048 | D:7      | Found a staircase to the Ecumenical Temple.
  7060 | D:7      | Reached skill level 11 in Axes
  7205 | D:7      | Found a stormy altar of Qazlal.
  7264 | D:7      | Identified the ring "Ded Nede" {rC+ Dex+6 Slay+3}
  7851 | D:8      | Gained mutation: You have a pair of large horns on your
                  | head. [potion of mutation]
  7851 | D:8      | Gained mutation: Your muscles are strong. (Str +2) [potion
                  | of mutation]
  7851 | D:8      | Gained mutation: Your body sometimes deteriorates upon
                  | taking damage. [potion of mutation]
  7851 | D:8      | Gained mutation: You have sharp toenails. [potion of
                  | mutation]
  7855 | D:8      | Noticed a two-headed ogre
  7861 | D:8      | Killed a two-headed ogre
  7862 | D:8      | Reached skill level 12 in Axes
  7936 | D:8      | Reached **** piety under Trog
  8052 | D:8      | Reached XP level 10. HP: 75/90 MP: 9/9
  8282 | D:8      | Found a runed translucent gate.
  8283 | D:8      | Found a runed translucent gate.
  8283 | D:8      | Found a runed translucent gate.
  8284 | D:8      | Noticed a cyan ugly thing
  8284 | D:8      | Noticed a brown ugly thing
  8285 | D:8      | Noticed a green ugly thing
  8285 | D:8      | Noticed a white very ugly thing
  8285 | D:8      | Noticed a cyan ugly thing
  8285 | D:8      | Noticed a brown ugly thing
  8285 | D:8      | Noticed a red ugly thing
  8295 | D:8      | Killed a white very ugly thing
  8295 | D:8      | Killed a cyan ugly thing
  8296 | D:8      | Reached skill level 13 in Axes
  8297 | D:8      | Killed a cyan ugly thing
  8297 | D:8      | Killed a brown ugly thing
  8300 | D:8      | Killed a green ugly thing
  8300 | D:8      | Killed a cyan ugly thing
  8301 | D:8      | Reached skill level 10 in Fighting
  8301 | D:8      | Reached skill level 14 in Axes
  8302 | D:8      | Killed a green ugly thing
  8597 | D:8      | Found a runed translucent gate.
  8597 | D:8      | Found a runed translucent gate.
  8599 | D:8      | Found a runed translucent gate.
  8599 | D:8      | Noticed a harpy
  8599 | D:8      | Noticed nemesis's ghost (novice DsCj)
  8618 | D:8      | Reached XP level 11. HP: 100/100 MP: 10/10
  8619 | D:8      | Lost intelligence.
  8622 | D:8      | a harpy changed into a spriggan
  8628 | D:8      | Killed nemesis's ghost
  8728 | D:8      | Gained mutation: You occasionally shout uncontrollably at
                  | your foes. [mutagenic glow]
  8737 | D:8      | Lost mutation: Your body sometimes deteriorates upon taking
                  | damage. [potion of mutation]
  8737 | D:8      | Lost mutation: Your muscles are strong. (Str +2) [potion of
                  | mutation]
  8737 | D:8      | Lost mutation: You have a pair of large horns on your head.
                  | [potion of mutation]
  8737 | D:8      | Gained mutation: Your natural rate of healing is unusually
                  | fast. [potion of mutation]
  8737 | D:8      | Gained mutation: Your body sometimes deteriorates upon
                  | taking damage. [potion of mutation]
  8738 | D:8      | Lost mutation: You occasionally shout uncontrollably at
                  | your foes. [potion of mutation]
  8738 | D:8      | Lost mutation: Your body sometimes deteriorates upon taking
                  | damage. [potion of mutation]
  8738 | D:8      | Gained mutation: You are agile. (Dex +2) [potion of
                  | mutation]
  8738 | D:8      | Gained mutation: You are occasionally teleported next to
                  | monsters. [mutagenic glow]
  8757 | D:8      | Gained mutation: You tend to lose your temper in combat.
                  | [mutagenic glow]
  9152 | D:8      | Reached skill level 15 in Axes
  9208 | D:8      | Reached ***** piety under Trog
  9214 | D:8      | Received a gift from Trog
  9449 | D:9      | Found Suebasoff's Distillery.
  9566 | D:9      | Found a staircase to the Lair.
  9691 | D:9      | Found an opulent altar of Gozag.
  9859 | D:9      | Found a staircase to the Orcish Mines.
  9992 | Lair:1   | Entered Level 1 of the Lair of Beasts
 10069 | Lair:1   | Found a dark tunnel.
 10074 | Volcano  | Entered a volcano
 10240 | Volcano  | Found a radiant altar of Vehumet.
 10240 | Volcano  | Noticed a lindwurm
 10242 | Volcano  | Reached skill level 16 in Axes
 10243 | Volcano  | Reached skill level 10 in Armour
 10247 | Volcano  | Killed a lindwurm
 10265 | Volcano  | Noticed a fire crab
 10271 | Volcano  | Killed a fire crab
 10456 | Lair:1   | Reached XP level 12. HP: 110/110 MP: 11/11
 10510 | Lair:1   | Noticed a four-headed hydra
 10757 | D:10     | Entered Level 10 of the Dungeon
 10852 | D:10     | Noticed Maggie
 10854 | D:10     | Noticed a two-headed ogre
 10856 | D:10     | Killed Maggie
 10859 | D:10     | Killed a two-headed ogre
 10860 | D:10     | Reached skill level 17 in Axes
 10869 | D:10     | Noticed a two-headed ogre
 10878 | D:10     | Killed a two-headed ogre
 11090 | D:10     | Identified the +4 hand crossbow of Jiagioh {penet, rN+
                  | rCorr Int+4 Dex-2}
 11118 | D:10     | Noticed a frost giant
 11126 | D:10     | Killed a frost giant
 11264 | D:10     | Noticed an ice dragon
 11275 | D:10     | Killed an ice dragon
 11357 | D:10     | Noticed a two-headed ogre
 11364 | D:10     | Killed a two-headed ogre
 11431 | D:10     | Identified the +5 trident of the Wilderness {freeze, rF+
                  | Dex+5}
 11476 | Lair:1   | Killed a four-headed hydra
 11611 | Lair:1   | Reached skill level 18 in Axes
 11611 | Lair:1   | Reached skill level 1 in Maces & Flails
 12168 | Lair:2   | Noticed a five-headed hydra
 12181 | Lair:2   | Killed a five-headed hydra
 12237 | Lair:2   | Received a gift from Trog
 12484 | Lair:2   | Reached XP level 13. HP: 106/119 MP: 12/12
 12577 | Lair:2   | Found a hole to the Spider Nest.
 13002 | Lair:3   | Noticed Snorg
 13009 | Lair:3   | Killed Snorg
 13254 | Lair:3   | Identified the +2 morningstar of Awkwardness {vorpal, rElec
                  | rN+ Dex+4}
 13346 | Lair:3   | Noticed Gastronok
 13357 | Lair:3   | Killed Gastronok
 13488 | Lair:3   | Noticed Fannar
 13496 | Lair:3   | Killed Fannar
 13497 | Lair:3   | Reached skill level 19 in Axes
 14066 | Lair:4   | Noticed a dire elephant
 14080 | Lair:4   | Killed a dire elephant
 14102 | Lair:4   | Received a gift from Trog
 14103 | Lair:4   | Reached XP level 14. HP: 106/129 MP: 13/13
 14136 | Lair:4   | Noticed Kirke
 14146 | Lair:4   | Killed from afar by a lindwurm

Illustrated notes

Levels and vault maps discovered:
D:1:      nzn_arrival_crosshair, layout_basic, minivault_23
D:2:      layout_loops_ring, st_stairs_14
D:3:      layout_basic, okawaru_gym_becter, trog_book, minmay_cupped,
          uniq_natasha
D:4:      layout_loops_ring, xom_butterflies, minmay_diced_spiral
D:5:      layout_loops_ring
D:6:      layout_basic, mainiacjoe_overflow_alcove_1,
          nicolae_wu_jian_immortal_techniques, jmf_multi_god_temple2,
          serial_shops, nicolae_shop_crystal, uniq_duvessa, uniq_blork_the_orc
D:7:      layout_basic, lemuel_round_altar,
          minmay_temple_entry_drinking_statues, abandoned_shop,
          minmay_misc_feat_plants
D:8:      layout_loops_ring, ploomutoo_gammafunk_ghost_potion_laboratory,
          special_room [special_room_orc], minmay_nine_imps
D:9:      layout_roguey, nicolae_gozag_cash_rules_everything_around_me,
          due_lair_maze_entry_diamond, serial_shops, shop_statue
D:10:     minmay_twisted_water, layout_rooms, uniq_maggie
Lair:1:   layout_gridlike, nicolae_volcano_entry_lava_flow
Lair:2:   layout_roguey, spider_nest_entry_funnel_web, grunt_megastairs_2
Lair:3:   layout_gridlike, minmay_lair_oklob_items, beast_lair_carwin_5,
          uniq_gastronok, uniq_snorg, uniq_fannar
Lair:4:   beast_lair_carwin_large_3, layout_cave_pods, minmay_swamp_entry_worms,
          serial_bayou_shore_b, minmay_lair_oklob_chamber, uniq_kirke

Skill      XL: |  1  2  3  4  5  6  7  8  9 10 11 12 13 |
---------------+----------------------------------------+-----
Fighting       | 4 5 6 7 8 10 11 12 13 | 13.7
Axes           | 4 5 6 8 10 12 14 16 18 19 | 19.9
Dodging        | 3 4 |  4.6
Armour         | 3 4 5 6 8 10 11 12 | 12.9
Stealth        | 1 2 |  2.7
Maces & Flails | 3 |  3.4

Action                   |  1- 3 |  4- 6 |  7- 9 | 10-12 | 13-15 || total
-------------------------+-------+-------+-------+-------+-------++-------
Melee: Hand axe          |    64 |    80 |       |       |       ||   144
       Headbutt          |     9 |    16 |    31 |   117 |    77 ||   250
       Battleaxe         |       |     5 |   137 |   305 |   186 ||   633
       Dire flail        |       |       |       |    11 |       ||    11
       Unarmed           |       |       |       |       |     4 ||     4
Invok: Berserk           |       |     2 |     2 |     2 |       ||     6
  Use: Scroll            |       |    10 |     4 |     3 |     1 ||    18
       Potion            |       |     5 |     5 |     4 |       ||    14
 Stab: Sleeping          |     1 |       |       |       |       ||     1
Armor: Animal skin       |     4 |       |       |       |       ||     4
       Scale mail        |    18 |    23 |    26 |       |       ||    67
       Ring mail         |     1 |       |       |       |       ||     1
       Plate armour      |       |       |    48 |   194 |    72 ||   314
Dodge: Dodged            |    32 |    41 |    72 |   141 |    66 ||   352
